 Dungeon Crawl Stone Soup version 0.22-a0-407-gb098539 (webtiles) character file.

5147 dstrtnsr the Severer (level 10, -11/142 HPs)
             Began as a Hill Orc Berserker on May 10, 2018.
             Was a Priest of Trog.
             Mangled by an orc warlord
             ... wielding a +2 war axe of chopping
              (16 damage)
             ... on level 9 of the Dungeon.
             The game lasted 00:05:45 (5383 turns).

dstrtnsr the Severer (Hill Orc Berserker)           Turns: 5383, Time: 00:05:46

Health: -11/142    AC: 11    Str: 29    XL:     10   Next: 59%
Magic:  10/10      EV:  9    Int:  7    God:    Trog [***...]
Gold:   95         SH:  0    Dex: 10    Spells: 9/9 levels left

rFire    . . .     SeeInvis .   r - +0 war axe
rCold    . . .     Gourm    .   (no shield)
rNeg     . . .     Faith    .   l - +0 chain mail
rPois    .         Spirit   .   (no helmet)
rElec    .         Reflect  .   (no cloak)
rCorr    .         Harm     .   (no gloves)
MR       .....                  i - +2 pair of boots
Stlth    ..........             (no amulet)
HPRegen  0.33/turn              (no ring)
MPRegen  0.12/turn              (no ring)

@: berserking (expiring), very quick
A: no striking features
a: Berserk, Trog's Hand, Renounce Religion


You were on level 9 of the Dungeon.
You worshipped Trog.
Trog was most pleased with you.
You were not hungry.

You visited 2 branches of the dungeon, and saw 10 of its levels.

You collected 287 gold pieces.
You spent 192 gold pieces at shops.

Inventory:

Hand Weapons
 r - a +0 war axe (weapon)
Armour
 i - a +2 pair of boots (worn)
 l - a +0 chain mail (worn)
Scrolls
 f - 2 scrolls of remove curse {@r2}
 g - a scroll of blinking
 j - a scroll of magic mapping
 k - 2 scrolls of teleportation
 m - 2 scrolls of fog
 n - a scroll of immolation {unknown}
 p - 3 scrolls of enchant weapon
 q - 2 scrolls of fear
 s - 2 scrolls of noise {unknown}
 u - 4 scrolls of random uselessness {unknown}
Potions
 a - a potion of agility
 c - 2 potions of might
 d - a potion of curing {@q1}
 h - a potion of berserk rage {unknown}
 o - a potion of heal wounds
 t - a potion of flight
Comestibles
 e - 7 rations {!d}


   Skills:
 + Level 11.1 Fighting
 * Level 15.7 Axes
 - Level 2.1 Armour
 - Level 1.5 Dodging


You had 9 spell levels left.
You didn't know any spells.

Dungeon Overview and Level Annotations

Branches:
Dungeon (9/15)             Temple (0/1) D:7             Orc (1/2) D:9
   Lair: D:8-11

Altars:
Elyvilon
Sif Muna

Shops:
D:5 ?   D:9 ?


Message History

No target in view!
No target in view!
No target in view!
Unknown command.
No target in view!
No target in view!
No target in view!
No target in view!
No target in view!
Your chain mail prevents you from hitting something.
Something hits you but does no damage.
You barely miss something. You slice something!! Trog accepts your kill.
Trog appreciates your killing of a magic user.
Reactivating autopickup.
You feel a bit more experienced.
Things that are here:
a dagger; a robe; an orc corpse You feel a strong urge to attack something.
You are no longer berserk.
You are exhausted.
You feel yourself slow down.
Items here: )) [ †† a club; a dagger of flaming; a robe; an orc corpse x2
There is a staircase back to the Dungeon, spattered with blood here.
Things that are here:
a leather armour; an orc corpse You see here a mace.
You now have 95 gold pieces (gained 18).
You start resting.
You feel yourself speed up.
You recover from your berserk rage.
Key pressed, stopping explore.
An orc warlord comes into view. It is wielding a war axe of chopping.
An orc warlord is nearby!
An orc warlord is nearby!
An orc warlord is nearby!
An orc warlord is nearby!
An orc warlord is nearby!
An orc comes into view. It is wielding a war axe.
The orc shouts!
You hear a shout!
The orc warlord roars a battlecry!
The orc goes into a battle-frenzy!
An orc sorcerer comes into view. It is wielding a dagger.
Items here: )) [ †† a scimitar of slicing; a plate armour; a giant spiked club; an orc corpse an ogre corpse The orc sorcerer shouts!
You hear a shout! x2
An orc and an orc priest come into view.
There is a staircase back to the Dungeon, spattered with blood here.
Things that are here:
a leather armour; an orc corpse The orc priest shouts!
The orc warlord hits you with a war axe of chopping!!
You climb upwards.
Welcome back to the Dungeon!
There is a staircase to the Orcish Mines here.
Unknown command.
Unknown command.
Okay, then.
There is an open door here.
There is an open door here.
Things that are here:
15 arrows; a runed shortbow You are starving!
The orc warlord barely misses you.
You eat one of the 8 rations {!d}.
That ration really hit the spot!
The orc warlord hits you with a war axe of chopping!!
There is an escape hatch in the floor here.
There is a stone staircase leading up here.
The orc warlord barely misses you.
A red film seems to cover your vision as you go berserk!
You feel yourself moving faster!
You feel mighty!
You feel a lot more hungry.
The orc warlord hits you with a war axe of chopping!
The orc warlord blocks your attack. The orc warlord blocks your attack.
The orc warlord hits you with a war axe of chopping!
The orc warlord blocks your attack. The orc warlord blocks your attack.
Your chain mail prevents you from hitting the orc warlord.
The orc warlord hits you with a war axe of chopping!!
You hit the orc warlord but do no damage.
The orc warlord blocks your attack.
You hit the orc warlord but do no damage.
The orc warlord hits you with a war axe of chopping!
The orc warlord blocks your attack. The orc warlord blocks your attack.
The orc warlord hits you with a war axe of chopping!!
* * * LOW HITPOINT WARNING * * *
x2 The orc warlord blocks your attack.
The orc warlord blocks your attack. The orc warlord blocks your attack.
The orc warlord hits you with a war axe of chopping!
* * * LOW HITPOINT WARNING * * *
x2 The orc warlord blocks your attack.
The orc warlord blocks your attack.
You slash the orc warlord!
The orc warlord is lightly wounded.
The orc warlord hits you with a war axe of chopping!
You die...

....∩....##......'.....#.........
.........##......#.....#.........
.........##......#.....#.........
###'##############.....##########
..(..............................
....................#....#.......
<.....#####.........#............
......#####.........#.........##.
................@o...............
#################################


You could see an orc warlord.

Vanquished Creatures
  A two-headed ogre (D:8)
  Pikel (D:8)
  The ghost of B1inky the Nimble, a novice OpFi of Gozag (D:6)
  Joseph (D:8)
  A troll (D:6)
  A hungry ghost (D:7)
  A water moccasin (D:4)
  4 orc warriors (Orc:1)
  3 sky beasts
  A hornet zombie (D:8)
  A black bear (D:4)
  3 phantoms
  3 centaurs
  4 ogres
  A crocodile (D:9)
  A big kobold (D:7)
  A bullfrog (D:9)
  2 scorpions
  3 howler monkeys (D:9)
  2 crimson imps
  A bullfrog zombie (D:9)
  3 centaur zombies
  2 hounds (D:6)
  2 jellies
  5 orc priests
  6 orc wizards
  3 worker ants
  Natasha (twice) (D:2)
  A hound skeleton (D:8)
  A howler monkey skeleton (D:6)
  Robin (D:3)
  6 adders
  An adder skeleton (D:8)
  2 worms
  A dart slug (D:1)
  3 leopard geckos (D:8)
  12 orcs
  2 ball pythons (D:2)
  3 bats
  3 giant cockroaches
  9 goblins
  4 hobgoblins (D:3)
  11 jackals
  7 kobolds
  2 frilled lizards
  A jackal skeleton (D:8)
  A leopard gecko skeleton (D:4)
  A rat (D:1)
132 creatures vanquished.

Vanquished Creatures (others)
  A slave (D:8)
  A crimson imp (D:8)
  An iguana (D:8)
  An orc wizard (D:8)
4 creatures vanquished.

Grand Total: 136 creatures vanquished

Notes
Turn   | Place    | Note
-------+----------+-------------------------------------------
     0 | D:1      | dstrtnsr the Hill Orc Berserker began the quest for the Orb.
     0 | D:1      | Reached XP level 1. HP: 19/19 MP: 1/1
   234 | D:1      | Reached XP level 2. HP: 27/27 MP: 2/2
   323 | D:2      | Noticed Natasha
   330 | D:2      | Killed Natasha
   330 | D:2      | Reached skill level 5 in Axes
   330 | D:2      | Reached XP level 3. HP: 33/33 MP: 3/3
   467 | D:2      | Noticed Natasha
   477 | D:2      | Killed Natasha
   477 | D:2      | Reached XP level 4. HP: 23/41 MP: 4/4
   652 | D:3      | Noticed Robin
   662 | D:3      | Reached skill level 6 in Axes
   669 | D:3      | Killed Robin
   672 | D:3      | Reached ** piety under Trog
   935 | D:4      | Reached XP level 5. HP: 26/47 MP: 5/5
  1080 | D:4      | Noticed a black bear
  1089 | D:4      | Killed a black bear
  1089 | D:4      | Reached skill level 5 in Fighting
  1089 | D:4      | Reached skill level 7 in Axes
  1089 | D:4      | Reached XP level 6. HP: 56/56 MP: 6/6
  1116 | D:4      | Noticed a phantom
  1136 | D:4      | Killed a phantom
  1212 | D:4      | Noticed a water moccasin
  1218 | D:4      | Killed a water moccasin
  1218 | D:4      | Reached skill level 8 in Axes
  1266 | D:5      | Entered Level 5 of the Dungeon
  1327 | D:5      | Found Xute's Magic Scroll Shoppe.
  1334 | D:5      | Bought a scroll of teleportation for 33 gold pieces
  1334 | D:5      | Bought a scroll of fog for 22 gold pieces
  1334 | D:5      | Bought a scroll of remove curse for 33 gold pieces
  1449 | D:5      | Noticed a phantom
  1473 | D:5      | Killed a phantom
  1473 | D:5      | Reached XP level 7. HP: 46/63 MP: 7/7
  1660 | D:5      | Reached skill level 9 in Axes
  1959 | D:6      | Reached skill level 10 in Axes
  2094 | D:6      | Found a white marble altar of Elyvilon.
  2118 | D:6      | Reached XP level 8. HP: 64/73 MP: 8/8
  2239 | D:6      | Noticed a troll
  2247 | D:6      | Killed a troll
  2287 | D:6      | Noticed B1inky's ghost (novice OpFi)
  2320 | D:6      | Killed B1inky's ghost
  2320 | D:6      | Reached skill level 11 in Axes
  2909 | D:7      | Reached skill level 12 in Axes
  2982 | D:7      | Reached XP level 9. HP: 75/82 MP: 9/9
  3309 | D:8      | Found a deep blue altar of Sif Muna.
  3330 | D:8      | Noticed a two-headed ogre
  3339 | D:8      | Killed a two-headed ogre
  3339 | D:8      | Reached skill level 13 in Axes
  3444 | D:8      | Noticed Pikel
  3451 | D:8      | Killed Pikel
  3451 | D:8      | Reached skill level 10 in Fighting
  3451 | D:8      | Reached skill level 14 in Axes
  3559 | D:8      | Reached XP level 10. HP: 86/93 MP: 10/10
  3615 | D:8      | Noticed Joseph
  3625 | D:8      | Killed Joseph
  4056 | D:9      | Found Fioch's Magic Scroll Shop.
  4062 | D:9      | Bought a scroll of enchant weapon for 82 gold pieces
  4062 | D:9      | Bought a scroll of identify for 22 gold pieces
  4093 | D:9      | Reached skill level 15 in Axes
  4212 | D:9      | Found a staircase to the Orcish Mines.
  4380 | D:9      | Reached *** piety under Trog
  4986 | Orc:1    | Entered Level 1 of the Orcish Mines
  5057 | Orc:1    | Noticed an orc warlord
  5060 | Orc:1    | Noticed an orc sorcerer
  5061 | Orc:1    | HP: 34/95 [orc warlord/war axe of chopping (5)]
  5375 | D:9      | HP: 50/142 [orc warlord/war axe of chopping (14)]
  5377 | D:9      | HP: 24/142 [orc warlord/war axe of chopping (3)]
  5380 | D:9      | HP: 8/142 [orc warlord/war axe of chopping (16)]
  5383 | D:9      | Mangled by an orc warlord

Vault maps used:
D:1:      lemuel_arrival_lava_pool
D:2:      kennysheep_nondescript, uniq_natasha, uniq_crazy_yiuf_cottage
D:3:      uniq_robin
D:4:      first_ration
D:5:      serial_shops, shop, uniq_grinder
D:6:      elyvilon_altar_1
D:7:      minmay_temple_entry_purple_smoke
D:8:      basic_altar, uniq_joseph, uniq_pikel
D:9:      serial_shops, shop_scrolls
Orc:1:    uniq_snorg, uniq_josephine

Skill      XL: |  1  2  3  4  5  6  7  8  9 10 |
---------------+-------------------------------+-----
Fighting       | 4 5 6 7 8 10 11 | 11.1
Axes           | 5 6 7 8 10 12 14 15 | 15.7
Armour         | |  2.1
Dodging        | |  1.5

Action                   |  1- 3 |  4- 6 |  7- 9 | 10-12 || total
-------------------------+-------+-------+-------+-------++-------
Melee: Hand axe          |    42 |   100 |   129 |       ||   271
       War axe           |       |       |    93 |   142 ||   235
Invok: Berserk           |     1 |     4 |     7 |     3 ||    15
       Trog's Hand       |       |       |     1 |     1 ||     2
  Use: Scroll            |       |     3 |     6 |     2 ||    11
  Eat: Chunk             |       |     6 |     7 |     6 ||    19
       Ration            |       |       |     3 |     1 ||     4
Armor: Scale mail        |     9 |       |       |       ||     9
       Animal skin       |     1 |       |       |       ||     1
       Chain mail        |    16 |    37 |   106 |    42 ||   201
Dodge: Dodged            |    20 |    42 |    76 |    47 ||   185

Table legend:
 A = Spawn XP
 B = Non-spawn XP
 C = Spawn XP percentage of total XP
 D = Spawn monster count
 E = Non-spawn monster count
 F = Spawn count percentage of total count
 G = Total turns spent on level
                    A         B        C        D         E        F      G
               +---------+---------+-------+---------+---------+-------+---------
         Total |       0 |    7354 |   0.0 |       0 |     133 |   0.0 |  5383
               +---------+---------+-------+---------+---------+-------+---------
           D:1 |       0 |      12 |   0.0 |       0 |       6 |   0.0 |   297
           D:2 |       0 |      90 |   0.0 |       0 |       7 |   0.0 |   351
           D:3 |       0 |      48 |   0.0 |       0 |      16 |   0.0 |   261
           D:4 |       0 |     444 |   0.0 |       0 |       6 |   0.0 |   357
           D:5 |       0 |     362 |   0.0 |       0 |      11 |   0.0 |   629
           D:6 |       0 |    1235 |   0.0 |       0 |      16 |   0.0 |   997
           D:7 |       0 |     549 |   0.0 |       0 |      13 |   0.0 |   365
           D:8 |       0 |    2713 |   0.0 |       0 |      20 |   0.0 |   684
           D:9 |       0 |     938 |   0.0 |       0 |      17 |   0.0 |  1370
         Orc:1 |       0 |     963 |   0.0 |       0 |      21 |   0.0 |    72
               +---------+---------+-------+---------+---------+-------+---------
